 Dungeon Crawl Stone Soup version 0.16.1 (webtiles) character file.

1942 Meow the Sneak (level 9, 2/61 HPs)
             Began as an Octopode Wizard on Mar 25, 2015.
             Quit the game on level 7 of the Dungeon.
             The game lasted 00:31:17 (6710 turns).

Meow the Sneak (Octopode Wizard)                    Turns: 6710, Time: 00:31:17

Health: 2/61       AC:  7    Str:  6    XL:     9   Next: 18%
Magic:  3/30       EV: 14    Int: 26    God:
Gold:   28         SH:  0    Dex: 11    Spells: 5 memorised, 8 levels left

rFire  . . .     SeeInvis .     a - +2 hammer (protect)
rCold  . . .     Clarity  .     (no shield)
rNeg   . . .     SustAb   .     b - +1 hat
rPois  +         Gourm    .     (no amulet)
rElec  .         Spirit   .     u - ring of magical power
rCorr  .         Warding  .     e - +3 ring of intelligence
rMut   .         Stasis   .     p - ring of poison resistance
MR     +....                    n - ring of protection from magic
Stlth  ++++......               (no ring)
                                (no ring)
                                (no ring)
                                (no ring)

@: lethally poisoned (2 -> -2), repel missiles, somewhat resistant to hostile
enchantments, stealthy
A: almost no armour, amphibious, 8 rings, constrict 8, camouflage 1, gelatinous
body 1
a: no special abilities


You were on level 7 of the Dungeon.
You were very hungry.

You visited 1 branch of the dungeon, and saw 7 of its levels.

You collected 328 gold pieces.
You spent 300 gold pieces at shops.

Inventory:

Hand weapons
 a - a +2 hammer of protection (weapon)
 l - a +0 short sword
 v - a +4 quarterstaff of chaos
Armour
 b - a +1 hat (worn)
Jewellery
 e - a +3 ring of intelligence (right tentacle)
 n - a ring of protection from magic (on tentacle)
 p - a ring of poison resistance (on tentacle)
 u - a ring of magical power (left tentacle)
 A - an uncursed ring of fire
 F - a cursed amulet of inaccuracy {unknown}
Magical devices
 s - a wand of confusion (32)
 B - a wand of hasting (3)
 E - a wand of lightning (3)
Scrolls
 f - 2 scrolls of remove curse
 h - 2 scrolls of identify
 i - a scroll of magic mapping
 j - a scroll of noise {unknown}
 r - a scroll of enchant weapon
 w - a scroll of random uselessness
 y - a scroll of recharging {unknown}
 D - a scroll of teleportation
Potions
 o - 2 potions of brilliance
 q - a potion of magic {unknown}
 t - a potion of restore abilities {unknown}
 x - 2 potions of heal wounds
 z - a potion of haste {unknown}
 C - a potion of curing {unknown}
Books
 c - a book of Minor Magic

   Spells                             Type                      Level
   a - Magic Dart                     Conjuration                  1
   b - Blink                          Translocation                2
   c - Call Imp                       Summoning                    2
   d - Repel Missiles                 Charms/Air                   2
   e - Slow                           Hexes                        2
   f - Conjure Flame                  Conjuration/Fire             3
   g - Mephitic Cloud                 Conjuration/Poison/Air       3
 g - a book of Dreams

   Spells                             Type                      Level
   a - Ensorcelled Hibernation        Hexes/Ice                    2
   b - Flight                         Charms/Air                   3
   c - Phase Shift                    Translocation                5
   d - Shadow Creatures               Summoning                    5
   e - Mass Confusion                 Hexes                        6
   f - Darkness                       Hexes                        7
Comestibles
 d - 6 bread rations
 k - a meat ration
 m - a royal jelly


   Skills:
 + Level 5.4 Fighting
 + Level 5.6 Dodging
 - Level 6.0 Stealth
 - Level 1.3 Unarmed Combat
 + Level 5.4 Spellcasting
 + Level 5.4 Conjurations
   Level 1.0 Summonings
 - Level 1.0 Translocations
 - Level 1.5 Air Magic
 - Level 1.0 Poison Magic


You had 8 spell levels left.
You knew the following spells:

 Your Spells              Type           Power        Failure   Level  Hunger
a - Magic Dart            Conj           ####         1%          1    None
c - Mephitic Cloud        Conj/Pois/Air  ###.....     10%         3    #......
f - Repel Missiles        Chrm/Air       ##....       10%         2    None
s - Slow                  Hex            #.......     14%         2    None
t - Blink                 Tloc           N/A          10%         2    None


Dungeon Overview and Level Annotations

Branches:
Dungeon (7/15)
 Temple: D:4-7

Altars:
Cheibriados
Kikubaaqudgha
Ru
Xom
Yredelemnul
Zin

Shops:
D:4 (**[   D:5 *


Innate Abilities, Weirdness & Mutations

You cannot wear most types of armour.
You are amphibious.
You can wear up to eight rings at the same time.
You can use your tentacles to constrict many enemies at once.
Your skin changes colour to match your surroundings (Stealth).
Your rubbery body absorbs attacks (AC +1).


Message History

You constrict the killer bee.
You feel sick.
The killer bee stings you but does no damage. x2
The killer bee barely misses you.
You closely miss the killer bee. Your squeeze misses the killer bee.
The killer bee is severely wounded.
You constrict the killer bee.
You feel sick. The killer bee stings you.
* * * LOW HITPOINT WARNING * * *
The killer bee stings you!
* * * LOW HITPOINT WARNING * * *
You hit the killer bee!
You kill the killer bee!
* * * LOW HITPOINT WARNING * * *
You feel sick.
There is an open gate here.
A goblin comes into view. It is wielding a club.
* * * LOW HITPOINT WARNING * * *
You feel sick.
You hear a splashing noise.
There is an open gate here.
Are you sure you want to abandon this character and quit the game? (Confirm with "yes".) ≈Pg

. PP #... PP #... #.
#... #.## #... ..#
#... #.#
#####.##########.#
....##.##.....†.@.#
......#....))†..'.#
....##.##.......'.##
#####.##########..#
#... #.# #.#.# #...
#.# #.#.# #...
#.#####.#.# #.()
#$........# #...
#.<####../#


There were no monsters in sight!

Vanquished Creatures
  Joseph (D:7)
  Eustachio (D:4)
  An ogre (D:4)
  2 ice beasts
  A sky beast (D:6)
  Sigmund (D:6)
  A giant frog (D:6)
  A scorpion (D:4)
  4 killer bees (D:7)
  A crimson imp (D:5)
  A jelly (D:5)
  5 orc priests
  A centaur skeleton (D:4)
  Crazy Yiuf (D:2)
  A centaur zombie (D:3)
  A gnoll shaman (D:4)
  Natasha (twice) (D:6)
  An iguana (D:5)
  An orc wizard (D:6)
  5 worker ants
  A hound skeleton (D:4)
  3 gnolls (D:4)
  3 adders
  A shadow imp (D:6)
  2 worms
  2 adder skeletons
  24 orcs
  2 bat skeletons (D:4)
  4 giant cockroaches
  17 goblins
  14 hobgoblins
  6 jackals
  2 quokkas
  3 ball pythons
  12 bats
  3 giant geckos
  4 giant newts
  12 kobolds
  2 quokka skeletons
  13 rats
163 creatures vanquished.

Vanquished Creatures (others)
  Ijyb (D:2)
  An orc (D:4)
2 creatures vanquished.

Grand Total: 165 creatures vanquished

Notes
Turn   | Place    | Note
--------------------------------------------------------------
     0 | D:1      | Meow, the Octopode Wizard, began the quest for the Orb.
     0 | D:1      | Reached XP level 1. HP: 11/11 MP: 4/4
   153 | D:1      | Reached skill level 1 in Fighting
   436 | D:1      | Reached XP level 2. HP: 16/18 MP: 3/6
   909 | D:1      | Reached XP level 3. HP: 23/23 MP: 1/7
   914 | D:1      | Learned a level 3 spell: Mephitic Cloud
   917 | D:1      | Learned a level 2 spell: Repel Missiles
  1079 | D:1      | Reached skill level 1 in Unarmed Combat
  1701 | D:2      | Noticed Ijyb
  1702 | D:2      | Noticed Crazy Yiuf
  1713 | D:2      | Killed Crazy Yiuf
  1713 | D:2      | Reached XP level 4. HP: 29/29 MP: 9/9
  1718 | D:2      | Killed Ijyb
  2089 | D:3      | Reached skill level 4 in Stealth
  2089 | D:3      | Reached XP level 5. HP: 15/34 MP: 11/11
  2184 | D:3      | Found a basalt altar of Yredelemnul.
  2883 | D:4      | Noticed Eustachio
  3139 | D:4      | Found Guejosia's General Store.
  3296 | D:4      | Found a shimmering altar of Xom.
  3349 | D:4      | Killed Eustachio
  3349 | D:4      | Reached skill level 5 in Stealth
  3349 | D:4      | Reached XP level 6. HP: 36/41 MP: 12/13
  3449 | D:4      | Noticed an ogre
  3461 | D:4      | Killed an ogre
  3461 | D:4      | Reached XP level 7. HP: 45/45 MP: 12/15
  3889 | D:4      | Reached skill level 1 in Poison Magic
  4140 | D:4      | Found Enoem's Armour Shoppe.
  4165 | D:4      | Reached skill level 1 in Air Magic
  4220 | D:4      | Found Dikun's General Store.
  4441 | D:4      | Found Ippat's Weapon Emporium.
  4471 | D:5      | Entered Level 5 of the Dungeon
  4578 | D:5      | Reached XP level 8. HP: 51/53 MP: 18/18
  4702 | D:5      | Found Ruidui's Serpentskin Sales.
  4786 | D:5      | Found an ancient bone altar of Kikubaaqudgha.
  4904 | D:5      | Found a glowing silver altar of Zin.
  4905 | D:5      | Found a sacrificial altar of Ru.
  4995 | D:5      | Reached skill level 6 in Stealth
  5067 | D:5      | Learned a level 2 spell: Slow
  5148 | D:5      | Learned a level 2 spell: Blink
  5440 | D:5      | Bought an uncursed ring of poison resistance for 300 gold pieces
  5457 | D:6      | Found a snail-covered altar of Cheibriados.
  5616 | D:6      | Noticed Natasha
  5624 | D:6      | Killed Natasha
  6014 | D:6      | Noticed Sigmund
  6029 | D:6      | Killed Sigmund
  6075 | D:6      | Noticed Natasha
  6078 | D:6      | Killed Natasha
  6331 | D:6      | Reached skill level 5 in Dodging
  6623 | D:7      | Noticed Joseph
  6664 | D:7      | Killed Joseph
  6664 | D:7      | Reached skill level 5 in Fighting
  6664 | D:7      | Reached skill level 5 in Spellcasting
  6664 | D:7      | Reached skill level 5 in Conjurations
  6664 | D:7      | Reached XP level 9. HP: 36/61 MP: 12/21
  6705 | D:7      | HP: 3/61 [killer bee (8)]
  6708 | D:7      | HP: 1/61 [poisoned by a killer bee]
  6710 | D:7      | Quit the game

Action                   |  1- 3 |  4- 6 |  7- 9 || total
-------------------------+-------+-------+-------++-------
Melee: Unarmed           |    23 |       |       ||    23
       Short sword       |    17 |     5 |       ||    22
       Hammer            |       |    65 |   138 ||   203
 Cast: Magic Dart        |    98 |    92 |   180 ||   370
       Mephitic Cloud    |     2 |     5 |    27 ||    34
       Repel Missiles    |       |     1 |       ||     1
       Blink             |       |       |    10 ||    10
       Slow              |       |       |     3 ||     3
Evoke: Wand              |       |       |     1 ||     1
  Use: Potion            |       |     3 |     1 ||     4
       Scroll            |       |     8 |     1 ||     9
 Stab: Confused          |     2 |     5 |     8 ||    15
       Sleeping          |       |     1 |       ||     1
  Eat: Chunk             |     2 |     6 |     9 ||    17
       Beef jerky        |       |       |     1 ||     1
